Map: [ESL] Site Delta

Players

Harstem - Winner!

  • Race: Protoss Protoss
  • Spawn Location: 5:00

Scarlett

  • Race: Zerg Zerg
  • Spawn Location: 11:00

Event: ESL SC2 Masters 2023 Winter (Finals)

VOD

Have the link to the VOD?

Description

Time

  • Played on: Dec. 15, 2023, 3:45 p.m.
  • Length: 13:59

All games in this series

Show
View Real Time Build Order
Export as new Build Order

Harstem Protoss - Winner!

Build Orders: 1 Gate Expand, Oracle Opening, Archon Immortal 

Get SALT Encoding   

  12  0:00  Probe  
  13  0:12  Probe  
  14  0:17  Pylon  
  14  0:24  Probe (Chrono Boost)  
  15  0:36  Probe (Chrono Boost)  
  15  0:37  Gateway  
  16  0:45  Probe (Chrono Boost)  
  16  0:49  Assimilator  
  17  0:50  Probe  
  18  1:03  Probe  
  19  1:15  Probe  
  20  1:23  Nexus  
  20  1:32  Cybernetics Core  
  20  1:36  Probe  
  21  1:42  Assimilator  
  21  1:48  Probe  
  21  1:50  Pylon  
  22  2:00  Probe  
  23  2:06  Adept (Chrono Boost)  
  23  2:09  Warp Gate  
  23  2:12  Probe  
  26  2:24  Probe  
  26  2:26  Adept (Chrono Boost)  
  29  2:36  Probe x2  
  31  2:37  Stargate  
  31  2:48  Probe x2  
  33  3:00  Probe  
  33  3:03  Nexus  
  34  3:06  Assimilator, Probe  
  34  3:12  Probe  
  36  3:15  Pylon  
  36  3:18  Oracle (Chrono Boost), Probe  
  37  3:25  Probe  
  41  3:29  Gateway  
  41  3:32  Probe  
  42  3:37  Probe  
  43  3:45  Probe  
  43  3:46  Oracle (Chrono Boost), Forge  
  44  3:49  Probe  
  44  3:54  Pylon  
  48  3:57  Probe  
  48  3:59  Zealot  
  48  4:01  Probe  
  52  4:07  Twilight Council  
  52  4:09  Probe  
  53  4:13  Probe  
  53  4:15  Probe  
  55  4:19  Protoss Ground Weapons Level 1 (Chrono Boost), Charge  
  55  4:21  Probe  
  55  4:23  Stalker  
  58  4:25  Probe  
  58  4:27  Probe  
  60  4:33  Probe  
  60  4:35  Gateway  
  60  4:37  Gateway, Probe  
  62  4:39  Probe  
  63  4:47  Probe  
  63  4:48  Zealot x2  
  63  4:50  Probe  
  63  4:51  Pylon  
  70  4:52  Probe  
  70  4:59  Probe  
  71  5:02  Pylon, Probe  
  72  5:09  Zealot x2  
  72  5:11  Probe  
  72  5:12  Pylon  
  72  5:13  Robotics Facility  
  78  5:14  Probe  
  78  5:15  Shield Battery  
  78  5:16  Probe  
  78  5:21  Pylon  
  79  5:24  Probe  
  80  5:31  Zealot x3  
  80  5:32  Zealot  
  80  5:34  Probe  
  80  5:35  Probe  
  90  5:37  Pylon  
  90  5:49  Assimilator, Pylon  
  91  5:51  Zealot x3  
  91  5:53  Zealot  
  91  5:54  Probe  
  91  5:56  Probe  
  100  5:58  Assimilator, Probe  
  100  5:59  Protoss Ground Weapons Level 2 (Chrono Boost), Immortal (Chrono Boost)  
  100  6:02  Templar Archives  
  105  6:06  Assimilator  
  107  6:12  Sentry, Zealot x2  
  107  6:15  Probe  
  112  6:25  Zealot  
  112  6:28  Probe  
  112  6:29  Probe  
  112  6:35  Zealot x3  
  115  6:40  Probe  
  115  6:42  Gateway  
  115  6:43  Probe  
  115  6:46  Nexus  
  94  6:48  Gateway  
  94  6:51  Zealot  
  96  6:56  High Templar x2  
  96  6:57  Zealot  
  96  6:58  Gateway  
  96  6:59  Gateway  
  100  7:03  Gateway, Archon  
  100  7:06  Warp Prism (Chrono Boost), Probe  
  99  7:09  Probe  
  99  7:13  Photon Cannon  
  99  7:14  Probe  
  101  7:18  High Templar x2, Probe  
  106  7:23  Archon  
  106  7:25  Probe  
  106  7:29  Pylon  
  107  7:30  Pylon  
  107  7:31  High Templar x2, Pylon  
  107  7:34  Immortal (Chrono Boost)  
  115  7:38  Archon  
  115  7:40  Zealot  
  115  7:43  Probe  
  118  7:45  Probe  
  118  7:48  Psionic Storm, Assimilator  
  119  7:52  Zealot x3, Assimilator  
  119  7:56  Shield Battery  
  119  7:57  Pylon  
  125  7:58  High Templar  
  125  7:59  High Templar  
  125  8:01  Zealot x2  
  125  8:04  Probe  
  134  8:20  High Templar x2, Zealot x3  
  134  8:22  Immortal (Chrono Boost)  
  142  8:40  High Templar x2  
  142  8:41  Zealot x5  
  152  8:46  Probe  
  151  8:49  Archon  
  151  8:50  Photon Cannon, Immortal (Chrono Boost)  
  151  8:51  Photon Cannon  
  151  8:53  Pylon  
  151  8:55  Zealot x2  
  159  9:01  Protoss Ground Weapons Level 3 (Chrono Boost)  
  157  9:12  Zealot x5  
  157  9:13  Probe  
  157  9:14  Pylon  
  162  9:19  High Templar x3  
  162  9:20  High Templar  
  168  9:25  Archon  
  168  9:26  Archon  
  166  9:44  Zealot, Immortal (Chrono Boost)  
  166  9:45  Zealot x4  
  162  9:57  High Templar x4  
  168  10:06  Archon  
  158  10:13  Zealot x5  
  157  10:15  Immortal (Chrono Boost)  
  157  10:17  Probe x2  
  151  10:31  Gateway  
  151  10:32  Nexus, High Templar  
  151  10:33  High Templar x3  
  151  10:34  Pylon  
  159  10:37  Archon x2  
  159  10:38  Zealot x5  
  169  10:43  Probe  
  169  10:46  Pylon  
  169  10:47  Immortal (Chrono Boost), Pylon  
  169  10:49  Pylon  
  174  11:01  High Templar x4  
  175  11:07  Archon x2  
  175  11:12  Observer (Chrono Boost)  
  175  11:15  Archon  
  160  11:18  Zealot x3  
  160  11:19  Zealot x2  
  170  11:25  High Templar  
  170  11:26  Probe  
  170  11:27  Probe  
  170  11:29  Photon Cannon  
  170  11:30  Probe  
  170  11:31  Photon Cannon  
  175  11:33  Zealot x4  
  175  11:39  Probe  
  184  11:42  High Templar x3  
  184  11:43  High Templar, Zealot  
  184  11:57  Photon Cannon  
  184  11:58  Zealot x2  
  184  11:59  Stalker x3  
  184  12:01  Photon Cannon  
  174  12:12  Zealot  
  156  12:19  High Templar x2  
  156  12:20  High Templar x2, Zealot x2  
  164  12:24  Assimilator  
  164  12:26  Probe (Chrono Boost)  
  164  12:27  Gateway x2, Pylon, Assimilator, Probe (Chrono Boost)  
  164  12:28  Gateway  
  163  12:30  Archon  
  163  12:31  Archon  
  163  12:32  Probe (Chrono Boost)  
  163  12:33  Zealot x4, Warp Prism (Chrono Boost)  
  169  12:41  Probe  
  169  12:43  Pylon  
  170  12:45  Shield Battery  
  170  12:47  Pylon  
  170  12:50  High Templar x2  
  174  12:52  High Templar x2, Zealot x2  
  174  12:53  Zealot  
  174  12:56  Archon x2  
  184  13:05  Immortal  
  184  13:06  High Templar x2  
  184  13:07  Zealot  
  184  13:12  Pylon  
  188  13:13  Photon Cannon  
  188  13:15  Photon Cannon  
  188  13:16  Archon  
  188  13:17  Zealot x3  
  184  13:41  High Templar  
  184  13:43  Zealot x7  
  196  13:57  Archon  
Show
View Real Time Build Order
Export as new Build Order

Scarlett Zerg 

Build Orders: Hatch First 

Get SALT Encoding   

  12  0:00  Drone  
  13  0:12  Overlord  
  13  0:17  Drone  
  14  0:30  Drone x2  
  16  0:47  Hatchery  
  15  0:51  Drone  
  15  0:54  Drone  
  17  0:58  Drone  
  18  1:08  Extractor  
  17  1:12  Spawning Pool  
  17  1:15  Drone  
  17  1:20  Drone  
  18  1:28  Drone  
  19  1:38  Drone  
  20  1:49  Drone  
  21  1:59  Zergling x2, Queen x2, Overlord  
  26  2:11  Drone x2  
  28  2:18  Metabolic Boost  
  28  2:20  Drone  
  28  2:22  Drone  
  30  2:31  Drone  
  30  2:32  Zergling x2  
  30  2:34  Queen  
  34  2:43  Hatchery  
  33  2:47  Overlord  
  33  2:53  Drone x2  
  33  2:54  Zergling x2  
  36  3:06  Drone x3  
  36  3:07  Zergling x2  
  36  3:10  Queen  
  42  3:16  Drone, Overlord  
  42  3:19  Drone  
  44  3:34  Queen  
  44  3:35  Overlord  
  44  3:37  Drone x2  
  44  3:39  Drone x4  
  52  3:49  Overlord  
  52  3:50  Evolution Chamber  
  52  3:52  Drone  
  52  3:53  Overlord  
  52  3:56  Drone x2  
  52  3:59  Spore Crawler  
  53  4:04  Drone x2  
  53  4:07  Queen  
  57  4:10  Spore Crawler  
  57  4:11  Drone x4  
  57  4:14  Drone x2  
  62  4:17  Overlord  
  62  4:22  Drone x3  
  64  4:29  Drone x3  
  66  4:35  Drone  
  66  4:36  Zerg Melee Weapons Level 1  
  66  4:38  Drone x2  
  68  4:39  Queen  
  70  4:49  Drone  
  70  4:50  Drone x4  
  75  4:53  Overlord  
  75  4:57  Hatchery  
  74  5:05  Lair  
  74  5:11  Drone, Overlord  
  74  5:12  Drone x6  
  81  5:15  Hatchery  
  81  5:19  Drone x4  
  84  5:22  Extractor  
  84  5:24  Extractor x2, Overlord x2  
  81  5:28  Zergling x8  
  81  5:35  Spore Crawler  
  82  5:38  Zergling x12  
  86  5:47  Queen  
  88  5:51  Zergling x12  
  94  5:57  Drone  
  94  5:58  Roach Warren  
  94  6:01  Zergling x2  
  94  6:02  Zergling x2  
  94  6:03  Spine Crawler  
  95  6:05  Zergling x10  
  95  6:09  Zergling x2, Queen x2  
  105  6:14  Zergling x2  
  105  6:23  Zergling x16  
  103  6:32  Zergling x2  
  103  6:33  Zergling x14  
  104  6:40  Zergling x6, Glial Reconstitution  
  97  6:48  Zerg Melee Weapons Level 2  
  97  6:49  Drone x7  
  97  6:52  Baneling Nest  
  103  7:01  Drone x7  
  107  7:05  Drone x3  
  109  7:13  Roach x5  
  117  7:17  Overlord x2  
  117  7:24  Overlord x3  
  117  7:26  Drone  
  117  7:29  Drone  
  126  7:30  Drone x7  
  126  7:41  Spore Crawler  
  126  7:42  Centrifugal Hooks  
  126  7:43  Baneling x3  
  126  7:44  Baneling x5  
  125  7:47  Drone x9  
  125  7:49  Drone x2  
  125  7:50  Extractor  
  125  7:51  Roach x2  
  139  7:57  Overlord  
  138  8:04  Extractor  
  137  8:12  Roach x12, Spine Crawler  
  160  8:13  Spine Crawler  
  159  8:21  Drone x3  
  159  8:25  Zergling x2  
  159  8:26  Zergling x24  
  173  8:28  Overlord  
  168  8:36  Ravager x2  
  165  8:43  Zergling x18  
  165  8:47  Overlord x3  
  174  8:48  Ravager x8  
  174  8:54  Baneling x2  
  174  8:55  Baneling x6  
  181  9:11  Spine Crawler  
  181  9:13  Baneling x11  
  181  9:14  Baneling  
  181  9:16  Zergling x32  
  195  9:21  Zerg Missile Weapons Level 1  
  194  9:27  Zergling x12  
  195  9:45  Zergling x28  
  185  9:54  Zergling x26  
  185  9:58  Ravager x2  
  180  10:14  Roach x14  
  175  10:36  Ravager x10  
  175  10:37  Zergling x28  
  196  10:52  Ravager  
  196  10:54  Baneling x8  
  196  11:04  Baneling x10  
  186  11:08  Zergling x26  
  196  11:17  Zergling x2, Roach  
  196  11:18  Zergling x14, Roach x7  
  195  11:23  Roach x2  
  199  11:33  Spine Crawler  
  199  11:35  Baneling x10  
  199  11:36  Zergling x2  
  199  11:42  Hatchery  
  170  12:04  Roach x18  
  155  12:17  Zergling x14, Roach x8  
  155  12:22  Drone  
  173  12:30  Drone x3  
  173  12:31  Drone x2  
  178  12:39  Ravager  
  178  12:40  Zergling x14, Ravager x2  
  188  12:49  Zergling x10  
  191  13:01  Drone x3  
  191  13:09  Ravager  
  191  13:10  Baneling  
  191  13:11  Baneling x6  
  192  13:15  Zergling x16  
  192  13:18  Infestation Pit  
  189  13:27  Overlord  
  189  13:28  Overlord  
  189  13:32  Ravager  
  189  13:33  Ravager x4  
  190  13:38  Baneling x8  
  190  13:40  Zergling x26  
Tags
 
Add a new tag
Caveats
  • Supply blocks, unpowered buildings, or Contaminate may cause inaccurate times.
  • Supply counts are checked every 10 seconds.